 Dungeon Crawl Stone Soup version 0.25-a0-420-g1cc7eeb0d1 (webtiles) character file.

Game seed: 4979150452665977200, levelgen mode: deterministic

310 ReteAZ the Cleaver (level 6, -2/50 HPs)
             Began as a Minotaur Gladiator on Jan 19, 2020.
             Succumbed to an orc wizard's poison
             ... on level 4 of the Dungeon.
             The game lasted 00:03:30 (2882 turns).

ReteAZ the Cleaver (Minotaur Gladiator)             Turns: 2882, Time: 00:03:31

Health: -2/50      AC: 10    Str: 18 (20) XL:     6   Next: 18%
Magic:  5/5        EV:  6    Int:  9 (10) God:
Gold:   183        SH:  0    Dex: 10 (12) Spells: 5/5 levels left

rFire    . . .     SeeInvis .   a - +0 war axe
rCold    . . .     Gourm    .   (no shield)
rNeg     . . .     Faith    .   u - +0 plate armour
rPois    .         Spirit   .   c - +0 hat
rElec    .         Reflect  .   (no cloak)
rCorr    .         Harm     .   (no gloves)
MR       .....                  (no boots)
Stlth    ..........             (no amulet)
HPRegen  0.16/turn              (no ring)
MPRegen  0.09/turn              (no ring)

@: brilliant, lethally poisoned (-2 -> -42)
A: retaliatory headbutt, horns 2
a: no special abilities


You were on level 4 of the Dungeon.
You were not hungry.

You visited 1 branch of the dungeon, and saw 4 of its levels.

You collected 183 gold pieces.

Inventory:

Hand Weapons
 a - a +0 war axe (weapon)
Missiles
 d - 2 throwing nets (quivered)
 l - 81 stones
Armour
 c - a +0 hat (worn)
 u - a +0 plate armour (worn)
Jewellery
 w - a cursed -3 ring of evasion {unknown}
Wands
 i - a wand of iceblast (17)
Scrolls
 b - a scroll of enchant armour {unknown}
 g - a scroll of enchant weapon {unknown}
 h - a scroll of fog {unknown}
 j - 4 scrolls of remove curse
 k - a scroll of fear {unknown}
 n - 6 scrolls of identify {unknown}
 p - a scroll of teleportation {unknown}
 q - a scroll of random uselessness {unknown}
 s - 3 scrolls of magic mapping {unknown}
Potions
 e - 2 potions of lignification
 o - a potion of degeneration
Comestibles
 f - 9 rations
 t - 20 chunks of flesh


   Skills:
 - Level 2.4 Fighting
 + Level 8.4 Axes
 - Level 2.0 Throwing
 - Level 3.2 Dodging


You had 5 spell levels left.
You didn't know any spells.
Your spell library was empty.

Dungeon Overview and Level Annotations

Branches:
Dungeon (4/15)
 Temple: D:4-7

Altars:
Sif Muna
Trog
Vehumet
Wu Jian


Innate Abilities, Weirdness & Mutations

You reflexively headbutt those who attack you in melee.
You have a pair of horns on your head.


Message History

You feel sick. Something hits you but does no damage.
You are more poisoned.
You miss something. You headbutt something!
* * * LOW HITPOINT WARNING * * *
You feel sick. Something hits you but does no damage.
You are more poisoned.
You barely miss something. Your headbutt misses something.
* * * LOW HITPOINT WARNING * * *
You feel very sick. Something hits you but does no damage.
You are more poisoned.
You miss something. Your headbutt misses something.
* * * LOW HITPOINT WARNING * * *
You feel sick.
An orc wizard appears from thin air!
Reactivating autopickup.
The orc wizard hits you but does no damage.
You are more poisoned.
You hit the orc wizard.
You kill the orc wizard!
You die...

####### ###### #.....#
#....# #.....# #....# #####
.######)..?.####....###....
>.....'.....'..+....+....))
.######).)[.#..#....###.#<#
#..)@.##[#(...###.#.#
....?....##......##..÷÷#
#.........###.(...##..#÷#
#.........# #..#......#.#
#####....(# ##.#......#.#
####### #.........(.
##.......#[# #..#+##.#.#
######....#.#.#


There were no monsters in sight!

Vanquished Creatures
  A howler monkey (D:4)
  A hound (D:4)
  2 orc wizards (D:4)
  8 adders
  2 oozes (D:3)
  4 worms
  A dart slug (D:1)
  2 leopard geckos
  9 orcs
  A ball python (D:4)
  8 bats
  8 hobgoblins
  8 jackals (D:4)
  8 kobolds
  2 quokkas
  12 frilled lizards
  6 goblins
  9 rats
92 creatures vanquished.

Notes
Turn   | Place    | Note
-------+----------+-------------------------------------------
     0 | D:1      | ReteAZ the Minotaur Gladiator began the quest for the Orb.
     0 | D:1      | Reached XP level 1. HP: 18/18 MP: 0/0
   119 | D:1      | Reached skill level 4 in Axes
   271 | D:1      | Reached XP level 2. HP: 20/25 MP: 1/1
   613 | D:1      | Reached skill level 5 in Axes
   717 | D:1      | Reached XP level 3. HP: 27/30 MP: 2/2
   849 | D:2      | Found a bloodstained altar of Trog.
  1032 | D:2      | Reached XP level 4. HP: 34/37 MP: 3/3
  1061 | D:2      | Reached skill level 6 in Axes
  1411 | D:3      | Found a shimmering blue altar of Sif Muna.
  1418 | D:3      | Found a radiant altar of Vehumet.
  1421 | D:3      | Found an ornate altar of the Wu Jian Council.
  1712 | D:3      | Found a faded altar of an unknown god.
  2322 | D:3      | Reached XP level 5. HP: 42/42 MP: 4/4
  2383 | D:3      | Reached skill level 7 in Axes
  2849 | D:4      | Reached skill level 8 in Axes
  2861 | D:4      | Reached XP level 6. HP: 24/50 MP: 5/5
  2874 | D:4      | HP: 1/50 [poisoned by an orc wizard]
  2881 | D:4      | HP: 1/50 [poisoned by an orc wizard]
  2882 | D:4      | Succumbed to an orc wizard's poison

Levels and vault maps discovered:
D:1:      evilmike_arrival_plus, layout_loops_ring, minmay_lizard_pond
D:2:      layout_basic, lemuel_doored_altar, st_stairs_7, minmay_tromino_i2
D:3:      cheibrodos_old_hovel, layout_loops_corners,
          grunt_temple_overflow_open, first_ration,
          chequers_ecumenical_altar_island
D:4:      layout_basic, kennysheep_cross_bottleneck

Skill      XL: |  1  2  3  4  5 |
---------------+----------------+-----
Axes           | 4 5 6 8 |  8.4
Fighting       | |  2.4
Throwing       | |  2.0
Dodging        | |  3.2

Action                   |  1- 3 |  4- 6 || total
-------------------------+-------+-------++-------
Melee: War axe           |    86 |    88 ||   174
       Headbutt          |     9 |    12 ||    21
Throw: Throwing net      |     2 |       ||     2
  Use: Scroll            |       |     1 ||     1
       Potion            |       |     5 ||     5
  Eat: Chunk             |       |     6 ||     6
Armor: Leather armour    |    22 |     2 ||    24
       Plate armour      |       |    56 ||    56
       Skin              |       |     8 ||     8
Dodge: Dodged            |    56 |    39 ||    95

Table legend:
 A = Non-vault XP
 B = Vault XP
 C = Vault XP percentage of total XP
 D = Non-vault monster count
 E = Vault monster count
 F = Vault count percentage of total count
                 A         B        C        D         E       F
            +---------+---------+-------+---------+---------+-------
      Total |     428 |      16 |   3.6 |      80 |      12 |  13.0
            +---------+---------+-------+---------+---------+-------
        D:1 |      40 |       8 |  16.7 |      22 |       8 |  26.7
        D:2 |      63 |       5 |   7.4 |      17 |       3 |  15.0
        D:3 |      86 |       3 |   3.4 |      19 |       1 |   5.0
        D:4 |     239 |       0 |   0.0 |      22 |       0 |   0.0
            +---------+---------+-------+---------+---------+-------
